 Dungeon Crawl Stone Soup version 0.23.2-1-ga50397a (webtiles) character file.

Game seed: 1821963149165311928

3017 MaxwellSilver the Fighter (level 9, -2/84 HPs)
             Began as a Minotaur Fighter on May 15, 2019.
             Was a Follower of Okawaru.
             Slain by a white ugly thing (15 damage)
             ... on level 7 of the Dungeon.
             The game lasted 00:15:07 (6456 turns).

MaxwellSilver the Fighter (Minotaur Fighter)        Turns: 6456, Time: 00:15:08

Health: -2/84      AC: 14    Str: 24    XL:     9   Next: 55%
Magic:  10/10      EV: 11    Int:  5    God:    Okawaru [*.....]
Gold:   417        SH:  0    Dex: 10    Spells: 8/8 levels left

rFire    . . .     SeeInvis .   a - +0 rapier
rCold    . . .     Gourm    .   c - +0 shield
rNeg     . . .     Faith    .   p - +1 chain mail {MR+}
rPois    .         Spirit   .   (helmet restricted)
rElec    .         Reflect  .   m - +0 cloak
rCorr    .         Harm     .   n - +0 pair of gloves
MR       +....                  (no boots)
Stlth    ..........             t - amulet of magic regeneration
HPRegen  0.24/turn              i - +3 ring of evasion
MPRegen  0.37/turn              (no ring)

@: confused
A: retaliatory headbutt, horns 2
a: Heroism, Renounce Religion


You were on level 7 of the Dungeon.
You worshipped Okawaru.
Okawaru was aware of your devotion.
You were hungry.

You visited 2 branches of the dungeon, and saw 8 of its levels.
You also visited: Sewer.

You collected 417 gold pieces.

Inventory:

Hand Weapons
 a - a +0 rapier (weapon)
Armour
 b - a +0 scale mail
 c - a +0 shield (worn)
 m - a +0 cloak (worn)
 n - a +0 pair of gloves (worn)
 p - a +1 chain mail of magic resistance (worn)
Jewellery
 i - a +3 ring of evasion (left hand)
 t - an amulet of magic regeneration (around neck)
 x - an uncursed amulet of guardian spirit {unknown}
Wands
 v - a wand of paralysis (16)
 B - a wand of polymorph (10)
Scrolls
 e - 6 scrolls of teleportation
 h - 3 scrolls of amnesia
 k - 4 scrolls of remove curse
 q - a scroll of immolation
 w - a scroll of enchant weapon {unknown}
 y - a scroll of identify
Potions
 d - a potion of might
 g - 2 potions of agility
 j - 6 potions of curing
 l - a potion of berserk rage {unknown}
 o - 2 potions of heal wounds
 r - 3 potions of flight
 s - a potion of magic {unknown}
 u - a potion of mutation {unknown}
 z - a potion of ambrosia {unknown}
 A - a potion of invisibility {unknown}
Comestibles
 f - 11 rations


   Skills:
 * Level 9.4 Fighting
 + Level 9.0 Short Blades
 + Level 7.1 Armour
 + Level 4.4 Dodging
 - Level 4.0 Shields
 - Level 2.1 Unarmed Combat
 + Level 2.9 Invocations


You had 8 spell levels left.
You didn't know any spells.
Your spell library contained the following spells:

 Spells                   Type           Power        Failure   Level  Hunger
 Corona                   Hex            #......      100%        1    ##.....
 Ensorcelled Hibernation  Hex/Ice        #.....       100%        2    ###....
 Confuse                  Hex            #.......     100%        3    ####...
 Dazzling Spray           Conj/Hex       #.....       100%        3    ####...
 Tukima's Dance           Hex            #.......     100%        3    ####...


Dungeon Overview and Level Annotations

Branches:
Dungeon (7/15)             Temple (1/1) D:5

Altars:
Ashenzari
Cheibriados
Elyvilon
Fedhas
Gozag
Hepliaklqana
Kikubaaqudgha
Makhleb
Okawaru
Qazlal
Uskayaw
Wu Jian
Yredelemnul
The Shining One


Innate Abilities, Weirdness & Mutations

You reflexively headbutt those who attack you in melee.
You have a pair of horns on your head.


Message History

The orc wizard looks satisfied for a moment.
The orc wizard casts a spell.
The orc wizard flickers and vanishes!
Deactivating autopickup; reactivate with Ctrl-A.
You hit the sky beast. You headbutt the sky beast!
The sky beast is heavily wounded.
The sky beast barely misses you. You block the orc wizard's attack.
The white ugly thing bites you. The white ugly thing freezes you!!
The sky beast flickers out of sight!
The orc wizard gestures at you while chanting.
You are confused.
You hit the white ugly thing. You headbutt the white ugly thing!
The white ugly thing is moderately wounded.
The white ugly thing bites you. The white ugly thing freezes you!!
* * * LOW HITPOINT WARNING * * *
You bump into the rock wall.
The white ugly thing bites you.
* * * LOW HITPOINT WARNING * * *
The white ugly thing freezes you!
You die...

#†)# ###.####### #..# #.#
#..#####.# #....>...#
#.######## #.########
#############........#
#...........#.######.######
#####..#...oau@...........#
####..#.##{#K######.####.#####
#.a.....##.{..## #..........#
#.##..####.....####..#######..
#.##..# #......(....# #..
##.##..####.#.#######.# #..
#..a........#.# #.# #..
#.u....######.# #.# #..
##a###.# ##+# #.# #..


You could see a white ugly thing, a big kobold, a worker ant and an orc wizard.

Vanquished Creatures
  Grinder (D:6)
  Eustachio (D:6)
  Menkaure (D:4)
  A water moccasin (D:5)
  A sky beast (D:5)
  4 ogres
  A necrophage (D:6)
  A phantom (D:4)
  A centaur (D:7)
  A big kobold (Sewer)
  A water moccasin zombie (D:5)
  A wyvern skeleton (D:6)
  3 wights (D:7)
  2 vampire bats (D:2)
  2 howler monkeys
  3 crimson imps (D:5)
  A bullfrog zombie (D:7)
  3 hounds
  A jelly (D:7)
  4 orc priests
  3 centaur skeletons
  A gnoll shaman (D:7)
  2 bullfrog skeletons
  3 iguanas
  Terence (D:2)
  Natasha (twice) (D:4)
  5 orc wizards
  5 worker ants
  A killer bee zombie (D:6)
  A hound skeleton (D:6)
  Robin (D:4)
  4 gnolls (D:7)
  10 adders
  A river rat (Sewer)
  3 adder skeletons
  2 adder zombies
  2 dart slugs
  4 worms
  7 leopard geckos
  29 orcs
  A ball python (D:3)
  2 bat skeletons (D:2)
  3 bat zombies (D:2)
  9 giant cockroaches
  17 goblins
  8 hobgoblins
  13 jackals
  7 kobolds
  2 quokkas
  9 bats
  2 frilled lizards
  2 jackal skeletons (D:6)
  A quokka skeleton (D:6)
  15 rats
212 creatures vanquished.

Notes
Turn   | Place    | Note
-------+----------+-------------------------------------------
     0 | D:1      | MaxwellSilver the Minotaur Fighter began the quest for the
                  | Orb.
     0 | D:1      | Reached XP level 1. HP: 19/19 MP: 0/0
   149 | D:1      | Reached XP level 2. HP: 23/26 MP: 1/1
   818 | D:2      | Reached XP level 3. HP: 23/31 MP: 2/2
  1229 | D:2      | Reached XP level 4. HP: 23/39 MP: 3/3
  1452 | D:2      | Reached skill level 5 in Short Blades
  1625 | D:2      | Noticed Terence
  1637 | D:2      | Killed Terence
  1692 | D:2      | Found an ancient bone altar of Kikubaaqudgha.
  1700 | D:2      | Reached XP level 5. HP: 37/45 MP: 4/4
  1981 | D:3      | Reached XP level 6. HP: 31/51 MP: 5/5
  2601 | D:4      | Noticed Menkaure
  2616 | D:4      | Killed Menkaure
  2616 | D:4      | Reached skill level 1 in Dodging
  2616 | D:4      | Reached skill level 1 in Unarmed Combat
  2693 | D:4      | Reached XP level 7. HP: 50/60 MP: 6/6
  2791 | D:4      | Found a glowing drain.
  2807 | Sewer    | Entered a sewer
  2834 | Sewer    | Reached skill level 5 in Fighting
  2933 | Sewer    | Found a white marble altar of Elyvilon.
  3110 | D:4      | Noticed Robin
  3118 | D:4      | Killed Robin
  3451 | D:4      | Noticed Natasha
  3456 | D:4      | Killed Natasha
  3521 | D:4      | Reached skill level 5 in Armour
  3526 | D:4      | Reached XP level 8. HP: 70/70 MP: 7/7
  4071 | D:4      | Noticed Natasha
  4082 | D:4      | Killed Natasha
  4093 | D:5      | Entered Level 5 of the Dungeon
  4421 | D:5      | Found a staircase to the Ecumenical Temple.
  4430 | Temple   | Entered the Ecumenical Temple
  4460 | Temple   | Became a worshipper of Warmaster Okawaru
  4548 | D:5      | Reached skill level 1 in Invocations
  4592 | D:5      | Found a blossoming altar of Fedhas.
  4698 | D:5      | Found a glowing golden altar of the Shining One.
  4844 | D:6      | Found an opulent altar of Gozag.
  4850 | D:6      | Noticed Grinder
  4878 | D:6      | Killed Grinder
  4878 | D:6      | Reached XP level 9. HP: 51/82 MP: 9/9
  5129 | D:6      | Reached * piety under Okawaru
  5228 | D:6      | Noticed Eustachio
  5243 | D:6      | Killed Eustachio
  5725 | D:6      | Found a hazy altar of Hepliaklqana.
  6436 | D:7      | Noticed a white ugly thing
  6456 | D:7      | Slain by a white ugly thing

Skill      XL: |  1  2  3  4  5  6  7  8  9 |
---------------+----------------------------+-----
Short Blades   | 3 4 6 7 8 9 |  9.0
Fighting       | 4 6 8 9 |  9.4
Armour         | 4 5 6 7 |  7.1
Dodging        | 1 2 3 4 |  4.4
Shields        | 4 |  4.0
Unarmed Combat | 1 2 |  2.1
Invocations    | 1 2 |  2.9

Action                   |  1- 3 |  4- 6 |  7- 9 || total
-------------------------+-------+-------+-------++-------
Melee: Rapier            |   108 |   144 |   472 ||   724
       Headbutt          |    10 |    29 |    96 ||   135
Invok: Heroism           |       |       |     2 ||     2
  Use: Scroll            |       |     6 |     4 ||    10
  Eat: Chunk             |     1 |     5 |    12 ||    18
Armor: Scale mail        |    49 |     3 |       ||    52
       Chain mail        |       |    81 |   147 ||   228
Dodge: Dodged            |    53 |    26 |   110 ||   189
Block: Shield            |    66 |    62 |   172 ||   300
